| TOP OF THE 1ST |
|
Frisco RoughRiders batting - Pitching for Jackson Generals : RHP Devon Washington
|
|
Pitching: RHP Devon Washington
|
|
|
Batting: LHB Pauli Gassinger
|
0-0: Swinging Strike 0-1: Ground out 4-3 (Groundball, 4, EV 102.5 MPH)
|
|
Batting: LHB Alfonso Collazo
|
0-0: Ball 1-0: Ball 2-0: Ball 3-0: Base on Balls
|
|
Batting: RHB Chance Lamb
|
0-0: Ball 1-0: Fly out, F4 (Popup, 4S, EV 71.2 MPH)
|
|
Batting: LHB Yasahiko Teshima
|
0-0: Called Strike 0-1: Swinging Strike 0-2: Ball 1-2: Foul Ball, location: 2F 1-2: Strikes out looking
|
| Top of the 1st over - 0 runs, 0 hits, 0 errors, 1 left on base; Frisco 0 - Jackson 0 |
| BOTTOM OF THE 1ST |
|
Jackson Generals batting - Pitching for Frisco RoughRiders : RHP Tim Martin
|
|
Pitching: RHP Tim Martin
|
|
|
Batting: RHB Tomokazu Sugimoto
|
0-0: Ground out 6-3 (Groundball, P, EV 87.5 MPH)
|
|
Batting: RHB Ryan Criollo
|
0-0: Reached on error, E6 (Groundball, 6, EV 82.5 MPH)
|
|
Batting: RHB Julian Gregory
|
0-0: Called Strike 0-1: Ball 1-1: Fielders Choice at 2nd, 4-6 (Groundball, 34, EV 89.4 MPH)
|
|
Batting: RHB Adan Lake
|
0-0: Called Strike Julian Gregory is caught stealing 2nd base 2-4
|
| Bottom of the 1st over - 0 runs, 0 hits, 1 error, 0 left on base; Frisco 0 - Jackson 0 |
| TOP OF THE 2ND |
|
Frisco RoughRiders batting - Pitching for Jackson Generals : RHP Devon Washington
|
|
Batting: RHB Danny Murillo
|
0-0: Foul Ball, location: 2F 0-1: Foul Ball, location: 2F 0-2: Ball 1-2: Foul Ball, location: 2F 1-2: Ground out 4-3 (Groundball, 4, EV 100.6 MPH)
|
|
Batting: LHB Joseph Martin
|
0-0: Ball 1-0: Foul Ball, location: 2F 1-1: Swinging Strike 1-2: Ball 2-2: Ball 3-2: Base on Balls
|
|
Batting: RHB Dale Aubrey
|
0-0: Ball 1-0: Ball 2-0: Ball 3-0: Base on Balls Joseph Martin to second
|
|
Batting: RHB Shoh Tanioka
|
0-0: Swinging Strike 0-1: Called Strike 0-2: Ball 1-2: Ball 2-2: Fielders Choice at 2nd, 5-4 (Groundball, 56S, EV 93.8 MPH) Joseph Martin to third
|
|
Batting: RHB Darnell Jones
|
0-0: Called Strike 0-1: Ball 1-1: Fly out, F8 (Flyball, 8RXD, EV 98.8 MPH)
|
| Top of the 2nd over - 0 runs, 0 hits, 0 errors, 2 left on base; Frisco 0 - Jackson 0 |
| BOTTOM OF THE 2ND |
|
Jackson Generals batting - Pitching for Frisco RoughRiders : RHP Tim Martin
|
|
Batting: RHB Adan Lake
|
0-0: Ball 1-0: Swinging Strike 1-1: Ball 2-1: Fly out, F9 (Flyball, 9, EV 88.8 MPH)
|
|
Batting: RHB Hideo Okimura
|
0-0: Swinging Strike 0-1: Foul Ball, location: 2F 0-2: Strikes out looking
|
|
Batting: SHB Brendan Bundy
|
0-0: Ball 1-0: Foul Ball, location: 2F 1-1: Called Strike 1-2: Strikes out looking
|
| Bottom of the 2nd over - 0 runs, 0 hits, 0 errors, 0 left on base; Frisco 0 - Jackson 0 |
| TOP OF THE 3RD |
|
Frisco RoughRiders batting - Pitching for Jackson Generals : RHP Devon Washington
|
|
Batting: LHB Pauli Gassinger
|
0-0: Foul Ball, location: 2F 0-1: Swinging Strike 0-2: Ball 1-2: Fly out, F7 (Flyball, 7, EV 81.2 MPH)
|
|
Batting: LHB Alfonso Collazo
|
0-0: Called Strike 0-1: Ball 1-1: Ball 2-1: Ball 3-1: Base on Balls
|
|
Batting: RHB Chance Lamb
|
0-0: Called Strike 0-1: Ball 1-1: Foul Ball, location: 2F 1-2: Foul Ball, location: 2F 1-2: Fly out, F9 (Flyball, 9, EV 89.4 MPH)
|
|
Batting: LHB Yasahiko Teshima
|
0-0: Ball 1-0: Foul Ball, location: 2F 1-1: Foul Ball, location: 2F 1-2: Ball 2-2: SINGLE (Line Drive, 34D, EV 98.1 MPH) Alfonso Collazo to second
|
|
Batting: RHB Danny Murillo
|
0-0: Ball 1-0: Ball 2-0: Ball 3-0: Base on Balls Alfonso Collazo to third Yasahiko Teshima to second
|
|
Batting: LHB Joseph Martin
|
0-0: Called Strike 0-1: Ball 1-1: Ball 2-1: Ball 3-1: Base on Balls Alfonso Collazo scores Yasahiko Teshima to third Danny Murillo to second
|
|
Batting: RHB Dale Aubrey
|
0-0: Ball 1-0: Ball 2-0: Ball 3-0: Called Strike 3-1: Swinging Strike 3-2: Base on Balls Yasahiko Teshima scores Danny Murillo to third Joseph Martin to second
|
|
Batting: RHB Shoh Tanioka
|
0-0: Foul Ball, location: 2F 0-1: Ball 1-1: Ball 2-1: Foul Ball, location: 2F 2-2: Foul Ball, location: 2F 2-2: Ball 3-2: Base on Balls Danny Murillo scores Joseph Martin to third Dale Aubrey to second
|
|
Batting: RHB Darnell Jones
|
0-0: Ground out 1-3 (Groundball, 13S, EV 66.9 MPH)
|
| Top of the 3rd over - 3 runs, 1 hit, 0 errors, 3 left on base; Frisco 3 - Jackson 0 |
| BOTTOM OF THE 3RD |
|
Jackson Generals batting - Pitching for Frisco RoughRiders : RHP Tim Martin
|
|
Batting: LHB Brent Dutcher
|
0-0: Called Strike 0-1: Swinging Strike 0-2: Ball 1-2: Foul Ball, location: 2F 1-2: Ball 2-2: Ball 3-2: Foul Ball, location: 2F 3-2: Strikes out swinging
|
|
Batting: RHB Victor Rosas
|
0-0: Called Strike 0-1: Foul Ball, location: 2F 0-2: Strikes out looking
|
|
Batting: RHB Egidius Kruger
|
0-0: Foul Ball, location: 2F 0-1: Ball 1-1: Ball 2-1: Ball 3-1: Foul Ball, location: 2F 3-2: SINGLE (Groundball, 4MD, EV 97.5 MPH)
|
|
Batting: RHB Tomokazu Sugimoto
|
0-0: Called Strike 0-1: Foul Ball, location: 2F 0-2: SINGLE (Line Drive, 89S, EV 87.5 MPH) Egidius Kruger to second Runner from 2nd tries for 3rd, SAFE, no throw by RF
|
|
Batting: RHB Ryan Criollo
|
0-0: Ball 1-0: Ground out 4-3 (Groundball, 4, EV 85.6 MPH)
|
| Bottom of the 3rd over - 0 runs, 2 hits, 0 errors, 2 left on base; Frisco 3 - Jackson 0 |
| TOP OF THE 4TH |
|
Frisco RoughRiders batting - Pitching for Jackson Generals : RHP Devon Washington
|
|
Batting: LHB Pauli Gassinger
|
0-0: SINGLE (Line Drive, 8LS, EV 113.1 MPH)
|
|
Batting: LHB Alfonso Collazo
|
0-0: Ball Pauli Gassinger is caught stealing 2nd base 2-6 1-0: Ground out 4-3 (Groundball, 34, EV 96.9 MPH)
|
|
Batting: RHB Chance Lamb
|
0-0: Called Strike 0-1: Swinging Strike 0-2: Ball 1-2: Strikes out swinging
|
| Top of the 4th over - 0 runs, 1 hit, 0 errors, 0 left on base; Frisco 3 - Jackson 0 |
| BOTTOM OF THE 4TH |
|
Jackson Generals batting - Pitching for Frisco RoughRiders : RHP Tim Martin
|
|
Batting: RHB Julian Gregory
|
0-0: Swinging Strike 0-1: Swinging Strike 0-2: Foul Ball, location: 2F 0-2: Ground out 4-3 (Groundball, 4, EV 108.8 MPH)
|
|
Batting: RHB Adan Lake
|
0-0: Ball 1-0: Ground out 6-3 (Groundball, 56, EV 92.5 MPH)
|
|
Batting: RHB Hideo Okimura
|
0-0: Ball 1-0: Reached on error, E6 (Groundball, 6, EV 81.2 MPH)
|
|
Batting: SHB Brendan Bundy
|
0-0: Ball 1-0: Ball 2-0: Ball 3-0: Fielders Choice at 2nd, 6-4 (Groundball, 6D, EV 86.2 MPH)
|
| Bottom of the 4th over - 0 runs, 0 hits, 1 error, 1 left on base; Frisco 3 - Jackson 0 |
| TOP OF THE 5TH |
|
Frisco RoughRiders batting - Pitching for Jackson Generals : RHP Devon Washington
|
|
Batting: LHB Yasahiko Teshima
|
0-0: Called Strike 0-1: Hit by Pitch
|
|
Batting: RHB Danny Murillo
|
0-0: Ball 1-0: Called Strike 1-1: Ball 2-1: Ball Yasahiko Teshima is caught stealing 2nd base 2-4 3-1: Ground out U3 (Groundball, 34, EV 103.8 MPH)
|
|
Pitching: RHP Kieran Easton
|
|
|
Batting: LHB Joseph Martin
|
0-0: Ball 1-0: Foul Ball, location: 2F 1-1: Ball 2-1: Swinging Strike 2-2: Foul Ball, location: 2F 2-2: Ball 3-2: Fly out, F7 (Line Drive, 7S, EV 104.4 MPH)
|
| Top of the 5th over - 0 runs, 0 hits, 0 errors, 0 left on base; Frisco 3 - Jackson 0 |
| BOTTOM OF THE 5TH |
|
Jackson Generals batting - Pitching for Frisco RoughRiders : RHP Tim Martin
|
|
Batting: LHB Brent Dutcher
|
0-0: Ground out 5-3 (Groundball, 56S, EV 91.2 MPH)
|
|
Batting: RHB Victor Rosas
|
0-0: Ball 1-0: Ball 2-0: Ground out 4-3 (Groundball, 34, EV 90.0 MPH)
|
|
Batting: RHB Egidius Kruger
|
0-0: Called Strike 0-1: Fly out, F8 (Flyball, 8LD, EV 103.1 MPH)
|
| Bottom of the 5th over - 0 runs, 0 hits, 0 errors, 0 left on base; Frisco 3 - Jackson 0 |
| TOP OF THE 6TH |
|
Frisco RoughRiders batting - Pitching for Jackson Generals : RHP Kieran Easton
|
|
Batting: RHB Dale Aubrey
|
0-0: Ball 1-0: Ball 2-0: Called Strike 2-1: Reached on error, E3 (Groundball, 3S, EV 82.5 MPH)
|
|
Batting: RHB Shoh Tanioka
|
0-0: Ball 1-0: Ball Dale Aubrey is caught stealing 2nd base 2-4 2-0: Swinging Strike 2-1: Foul Ball, location: 2F 2-2: Ball 3-2: Base on Balls
|
|
Batting: RHB Darnell Jones
|
0-0: Ball Shoh Tanioka is caught stealing 2nd base 2-4 1-0: Fly out, F8 (Flyball, 8LS, EV 85.0 MPH)
|
| Top of the 6th over - 0 runs, 0 hits, 1 error, 0 left on base; Frisco 3 - Jackson 0 |
| BOTTOM OF THE 6TH |
|
Jackson Generals batting - Pitching for Frisco RoughRiders : RHP Tim Martin
|
|
Batting: RHB Tomokazu Sugimoto
|
0-0: Ball 1-0: Ball 2-0: Ball 3-0: Called Strike 3-1: Base on Balls
|
|
Batting: RHB Ryan Criollo
|
0-0: Ball 1-0: Foul Ball, location: 2F 1-1: Fielders Choice at 2nd, 3-6 (Groundball, 3, EV 82.5 MPH)
|
|
Batting: RHB Julian Gregory
|
0-0: Ball 1-0: Called Strike 1-1: Foul Ball, location: 2F 1-2: Ball 2-2: Grounds into double play, 4-6-3 (Groundball, 4M, EV 109.4 MPH)
|
| Bottom of the 6th over - 0 runs, 0 hits, 0 errors, 0 left on base; Frisco 3 - Jackson 0 |
| TOP OF THE 7TH |
|
Frisco RoughRiders batting - Pitching for Jackson Generals : RHP Kieran Easton
|
|
Pitching: RHP Raul Lopez
|
|
|
Batting: LHB Pauli Gassinger
|
0-0: Foul Ball, location: 2F 0-1: Ball 1-1: Foul Ball, location: 2F 1-2: Fly out, F9 (Flyball, 9LS, EV 94.4 MPH)
|
|
Batting: LHB Alfonso Collazo
|
0-0: Ball 1-0: Fly out, F7 (Flyball, 7LSF, EV 91.9 MPH)
|
|
Batting: RHB Chance Lamb
|
0-0: SOLO HOME RUN (Flyball, 89XD, EV 111.9 MPH), Distance : 441 ft
|
|
Batting: LHB Yasahiko Teshima
|
0-0: Called Strike 0-1: Ball 1-1: Ball 2-1: Foul Ball, location: 2F 2-2: Ball 3-2: Base on Balls
|
|
Batting: RHB Danny Murillo
|
0-0: Ball Yasahiko Teshima steals 2nd base 1-0: Ball 2-0: Ground out 6-3 (Groundball, 6, EV 107.5 MPH)
|
| Top of the 7th over - 1 run, 1 hit, 0 errors, 1 left on base; Frisco 4 - Jackson 0 |
| BOTTOM OF THE 7TH |
|
Jackson Generals batting - Pitching for Frisco RoughRiders : RHP Tim Martin
|
|
Batting: RHB Adan Lake
|
0-0: Ball 1-0: Called Strike 1-1: Ground out U3 (Groundball, 3, EV 110.6 MPH)
|
|
Batting: RHB Hideo Okimura
|
0-0: Called Strike 0-1: Ball 1-1: Foul Ball, location: 2F 1-2: Ball 2-2: Foul Ball, location: 2F 2-2: Strikes out looking
|
|
Batting: SHB Brendan Bundy
|
0-0: Called Strike 0-1: Swinging Strike 0-2: SOLO HOME RUN (Flyball, 78XD, EV 109.4 MPH), Distance : 430 ft
|
|
Batting: LHB Brent Dutcher
|
0-0: Foul Ball, location: 2F 0-1: Called Strike 0-2: Foul Ball, location: 2F 0-2: Ball 1-2: Ball 2-2: Ball 3-2: Base on Balls
|
|
Batting: RHB Victor Rosas
|
0-0: Called Strike 0-1: Called Strike 0-2: SINGLE (Groundball, 6MD, EV 101.9 MPH) Brent Dutcher to second Runner from 2nd tries for 3rd, SAFE, no throw by CF
|
|
Batting: RHB Egidius Kruger
|
0-0: Ball 1-0: Foul Ball, location: 2F 1-1: Swinging Strike 1-2: Foul Ball, location: 2F 1-2: Fielders Choice at 2nd, 6-4 (Groundball, 6, EV 107.5 MPH)
|
| Bottom of the 7th over - 1 run, 2 hits, 0 errors, 2 left on base; Frisco 4 - Jackson 1 |
| TOP OF THE 8TH |
|
Frisco RoughRiders batting - Pitching for Jackson Generals : RHP Raul Lopez
|
|
Pitching: RHP Jose Acevedo
|
|
|
Batting: LHB Joseph Martin
|
0-0: Ball 1-0: Ball 2-0: Called Strike 2-1: Swinging Strike 2-2: Ball 3-2: Foul Ball, location: 2F 3-2: Base on Balls
|
|
Batting: RHB Dale Aubrey
|
0-0: Ball 1-0: Ball 2-0: Foul Ball, location: 2F 2-1: Swinging Strike 2-2: Strikes out looking
|
|
Batting: RHB Shoh Tanioka
|
0-0: Ball 1-0: Ball 2-0: Ball 3-0: Called Strike 3-1: Swinging Strike 3-2: Fly out, F7 (Flyball, 78D, EV 99.4 MPH)
|
|
Batting: RHB Darnell Jones
|
0-0: Ball 1-0: Fly out, F8 (Flyball, 8LD, EV 108.1 MPH)
|
| Top of the 8th over - 0 runs, 0 hits, 0 errors, 1 left on base; Frisco 4 - Jackson 1 |
| BOTTOM OF THE 8TH |
|
Jackson Generals batting - Pitching for Frisco RoughRiders : RHP Tim Martin
|
|
Batting: RHB Tomokazu Sugimoto
|
0-0: Ball 1-0: Ball 2-0: Foul Ball, location: 2F 2-1: Foul Ball, location: 2F 2-2: Ball 3-2: Foul Ball, location: 2F 3-2: Ground out 5-3 (Groundball, 56, EV 83.8 MPH)
|
|
Batting: RHB Ryan Criollo
|
0-0: Called Strike 0-1: Ball 1-1: Foul Ball, location: 2F 1-2: Strikes out looking
|
|
Batting: RHB Julian Gregory
|
0-0: Foul Ball, location: 2F 0-1: Swinging Strike 0-2: Ball 1-2: Strikes out swinging
|
| Bottom of the 8th over - 0 runs, 0 hits, 0 errors, 0 left on base; Frisco 4 - Jackson 1 |
| TOP OF THE 9TH |
|
Frisco RoughRiders batting - Pitching for Jackson Generals : RHP Jose Acevedo
|
|
Pitching: RHP Rickey DuMire
|
|
|
Batting: LHB Pauli Gassinger
|
0-0: SINGLE (Line Drive, 56D, EV 110.0 MPH)
|
|
Batting: LHB Alfonso Collazo
|
0-0: Ball Pauli Gassinger steals 2nd base (no throw) 1-0: Intentional Walk
|
|
Batting: RHB Chance Lamb
|
0-0: Ball 1-0: Ball 2-0: Swinging Strike 2-1: Ball 3-1: TRIPLE (Line Drive, 89XD, EV 102.5 MPH) Pauli Gassinger scores Alfonso Collazo scores
|
|
Batting: LHB Yasahiko Teshima
|
0-0: Ball 1-0: Ground out 4-3 (Groundball, 4, EV 103.1 MPH) Chance Lamb scores
|
|
Batting: RHB Danny Murillo
|
0-0: Ground out 4-3 (Groundball, 4, EV 86.9 MPH)
|
|
Batting: LHB Joseph Martin
|
0-0: Called Strike 0-1: Ball 1-1: Ball 2-1: Foul Ball, location: 2F 2-2: Foul Ball, location: 2F 2-2: Ball 3-2: Ground out 4-3 (Groundball, 4D, EV 81.9 MPH)
|
| Top of the 9th over - 3 runs, 2 hits, 0 errors, 0 left on base; Frisco 7 - Jackson 1 |
| BOTTOM OF THE 9TH |
|
Jackson Generals batting - Pitching for Frisco RoughRiders : RHP Tim Martin
|
|
Batting: RHB Adan Lake
|
0-0: Ball 1-0: SOLO HOME RUN (Flyball, 7D, EV 104.4 MPH), Distance : 392 ft
|
|
Batting: RHB Hideo Okimura
|
0-0: Fly out, F8 (Flyball, 8RXD, EV 101.2 MPH)
|
|
Batting: SHB Brendan Bundy
|
0-0: Called Strike 0-1: Ball 1-1: Foul Ball, location: 2F 1-2: Foul Ball, location: 2F 1-2: Ball 2-2: Fly out, F8 (Flyball, 8RM, EV 87.5 MPH)
|
|
Batting: LHB Brent Dutcher
|
0-0: Called Strike 0-1: Ball 1-1: Called Strike 1-2: SINGLE (Groundball, 6D, EV 94.4 MPH)
|
|
Pitching: RHP Jarred Young
|
|
|
Batting: RHB Victor Rosas
|
0-0: Foul Ball, location: 2F 0-1: Called Strike 0-2: Ball 1-2: Foul Ball, location: 2F 1-2: Foul Ball, location: 2F 1-2: Ball 2-2: Strikes out swinging
|
| Bottom of the 9th over - 1 run, 2 hits, 0 errors, 1 left on base; Frisco 7 - Jackson 2 |
|